 Dungeon Crawl Stone Soup version 0.27.0-1-g7a089689b8 (webtiles) character file.

Game seed: 14639080789919083884

67554 gimp the Bludgeoner (level 15, -8/115 HPs)
             Began as a Human Delver on Aug 9, 2021.
             Was the Champion of Wu Jian.
             Shot with a bolt by a yaktaur (19 damage)
             ... on level 12 of the Dungeon.
             The game lasted 00:55:12 (31016 turns).

gimp the Bludgeoner (Human Delver)                 Turns: 31016, Time: 00:55:12

Health: -8/115     AC: 31    Str: 25    XL:     15   Next: 66%
Magic:  15/15      EV:  8    Int: 14    God:    Wu Jian [******]
Gold:   1452       SH: 12    Dex: 18    Spells: 14/14 levels left

rFire    + . .     SeeInvis +   a - +1 demon whip (venom)
rCold    + + +     Faith    .   l - +2 buckler
rNeg     + + .     Spirit   .   s - +3 gold dragon scales
rPois    +         Reflect  +   S - +2 helmet {SInv}
rElec    .         Harm     .   p - +0 cloak {Will+}
rCorr    +         Rampage  .   d - -4 pair of gloves of Wephel {Str+5 Int+4 Slay+2}
Will     +++..                  z - +0 pair of boots
Stlth    ..........             Z - amulet of reflection
HPRegen  0.29/turn              A - ring of Nidaxoy {rN++ Will+ rCorr Str+2 Int-2}
MPRegen  0.14/turn              U - ring of Milov {rC++ AC+4 Dex+4}

@: no status effects
A: no striking features
a: Renounce Religion, Wall Jump, Serpent's Lash, Heavenly Storm


You were on level 12 of the Dungeon.
You worshipped Wu Jian.
Wu Jian was exalted by your worship.
You visited 4 branches of the dungeon, and saw 20 of its levels.
You also visited: Bailey and Gauntlet.

You collected 1816 gold pieces.
You spent 364 gold pieces at shops.

Inventory:

Hand Weapons
 a - a +1 demon whip of venom (weapon)
 b - a +3 whip of electrocution
 x - a +4 morningstar of protection
Missiles
 h - 4 curare-tipped darts
 j - 83 poisoned darts
 v - 9 javelins (quivered)
 B - a boomerang of dispersal
 F - a throwing net
 Y - 9 silver javelins
Armour
 d - the -4 pair of gloves of Wephel (worn) {Str+5 Int+4 Slay+2}
   (You found it in a bailey)

   Str:       It affects your strength (+5).
   Int:       It affects your intelligence (+4).
   Slay:      It affects your accuracy & damage with ranged weapons and melee
   (+2).
 l - a +2 buckler (worn)
 p - a +0 cloak of willpower (worn)
 s - +3 gold dragon scales (worn)
 z - a +0 pair of boots (worn)
 S - a +2 helmet of see invisible (worn)
Jewellery
 i - the amulet of the Air {Inacc Air Fly rElec RMsl}
   (You found it on level 4 of the Dungeon)

   [amulet of nothing]

   It reduces the accuracy of all your attacks.
   It enhances your air magic.
   rElec:     It insulates you from electricity.
   Fly:       It grants you flight.
   RMsl:      It protects you from missiles.
 A - the ring of Nidaxoy (left hand) {rN++ Will+ rCorr Str+2 Int-2}
   (You acquired it on level 9 of the Dungeon)

   [ring of willpower]

   Str:       It affects your strength (+2).
   Int:       It affects your intelligence (-2).
   rN:        It greatly protects you from negative energy.
   rCorr:     It protects you from acid and corrosion.
   Will:      It increases your willpower.
 L - the ring "Xerostic" {rF+ rN+}
   (You found it on level 6 of the Lair of Beasts)

   [ring of protection from fire]

   rF:        It protects you from fire.
   rN:        It protects you from negative energy.
 U - the ring of Milov (right hand) {rC++ AC+4 Dex+4}
   (You found it on level 5 of the Lair of Beasts)

   [ring of protection]

   AC:        It affects your AC (+4).
   Dex:       It affects your dexterity (+4).
   rC:        It greatly protects you from cold.
 Z - an amulet of reflection (around neck)
Wands
 g - a wand of digging (11)
 t - a wand of flame (41)
 y - a wand of mindburst (17)
 D - a wand of paralysis (8)
 I - a wand of iceblast (1)
 K - a wand of charming (20)
Scrolls
 c - a scroll of fog
 e - a scroll of fear
 k - 2 scrolls of brand weapon
 m - 2 scrolls of immolation
 n - 10 scrolls of teleportation
 G - 8 scrolls of vulnerability
 J - 5 scrolls of enchant weapon
 M - 2 scrolls of holy word
 Q - 2 scrolls of summoning
 T - 6 scrolls of identify
 X - a scroll of magic mapping
Potions
 f - 2 potions of haste
 r - 3 potions of lignification
 u - 2 potions of cancellation
 w - a potion of berserk rage
 E - 3 potions of mutation
 H - 2 potions of curing
 N - a potion of invisibility
 O - 3 potions of might
 P - 2 potions of flight
 V - 4 potions of ambrosia
Miscellaneous
 o - a box of beasts (inert)
 R - a tin of tremorstones (inert)


   Skills:
 + Level 9.7 Fighting
 - Level 16.0 Maces & Flails
 - Level 3.8 Polearms
 - Level 6.0 Throwing
 - Level 15.0 Armour
 - Level 5.0 Dodging
 - Level 5.0 Stealth
 - Level 4.0 Shields
 * Level 4.7 Evocations


You had 14 spell levels left.
You didn't know any spells.
Your spell library contained the following spells:

 Spells                   Type           Power      Damage    Failure   Level
 Static Discharge         Conj/Air       0%         N/A       100%        2
 Sublimation of Blood     Necr           0%         N/A       100%        2
 Wereblood                Tmut           0%         N/A       100%        2
 Call Canine Familiar     Summ           0%         N/A       100%        3
 Gell's Gravitas          Tloc           0%         N/A       100%        3
 Lesser Beckoning         Tloc           0%         N/A       100%        3
 Portal Projectile        Hex/Tloc       0%         N/A       100%        3
 Teleport Other           Tloc           0%         N/A       100%        3
 Dispel Undead            Necr           0%         3d6       100%        4
 Fulminant Prism          Conj/Hex       0%         3d6       100%        4
 Iskenderun's Mystic Bla  Conj/Tloc      0%         2d3       100%        4
 Leda's Liquefaction      Hex/Erth       0%         N/A       100%        4
 Petrify                  Tmut/Erth      0%         N/A       100%        4
 Sticky Flame             Conj/Fire      0%         2d3       100%        4
 Lee's Rapid Deconstruct  Erth           0%         3d5*      100%        5
 Metabolic Englaciation   Hex/Ice        0%         N/A       100%        5
 Summon Forest            Summ/Tloc      0%         N/A       100%        5
 Summon Mana Viper        Hex/Summ       0%         N/A       100%        5
 Shadow Creatures         Summ           N/A        N/A       100%        6
 Statue Form              Tmut/Erth      0%         N/A       100%        6
 Summon Hydra             Summ           0%         N/A       100%        7


Dungeon Overview and Level Annotations

Branches:
Dungeon (12/15)            Temple (1/1) D:4            Lair (6/6) D:9
 Shoals (0/4) Lair:4        Snake (0/4) Lair:3        Slime (0/5) Lair:5
    Orc (1/2) D:12         Bailey (visited)         Gauntlet (visited)

Altars:
Ashenzari
Cheibriados
Dithmenos
Elyvilon
Fedhas
Gozag
Hepliaklqana
Kikubaaqudgha
Makhleb
Nemelex Xobeh
Okawaru
Qazlal
Ru
Sif Muna
Trog
Uskayaw
Vehumet
Wu Jian
Xom
Yredelemnul
Zin
The Shining One

Shops:
D:1 (   D:2 (   D:6 [

Annotations:
Lair:1 2 transporters, 3 runed translucent doors, Dunwar's ghost, journeyman GnCK
Lair:4 exclusions: door and oklob plant
Lair:6 exclusion: 4 oklob plants


Message History

You thrash the troll!!
The troll is heavily wounded.
The orc wizard points at you and mumbles some strange words.
The magic dart hits you but does no damage.
You hit the troll.
The troll is poisoned.
The troll is severely wounded.
An orc comes into view. It is wielding a +0 hand axe.
The troll bites you! The troll claws you but does no damage.
You block the troll's attack.
The orc wizard hits you but does no damage.
You take 8 damage, and have 65/115 hp.
The troll barely misses you. You block the troll's attack.
The troll barely misses you.
The orc warlord hits you with a +0 battleaxe!!
The orc wizard hits you but does no damage.
You climb upwards.
Welcome back to the Dungeon!
The yaktaur shouts!
The yaktaur unwields a +0 dagger.
The yaktaur wields a +1 vorpal arbalest.
The yaktaur shoots a bolt.
The bolt hits you.
There is a staircase to the Orcish Mines here.
You take 26 damage, and have 39/115 hp.
MASSIVE DAMAGE!!
You spin and attack the troll repeatedly.
You closely miss the troll.
The troll is severely wounded.
You hit the troll.
The troll looks as sick as possible!
The troll is severely wounded.
You spin and attack the orc warlord repeatedly.
You whack the orc warlord!
The orc warlord looks as sick as possible!
The orc warlord is lightly wounded.
You barely miss the orc warlord.
The orc warlord is lightly wounded.
The troll bites you!
* * * LOW HITPOINT WARNING * * *
The troll claws you but does no damage. x2
The orc warlord hits you with a +0 battleaxe!
* * * LOW HITPOINT WARNING * * *
The yaktaur shoots a bolt.
The bolt hits you!!
You die...

*,,,******#..####...###......#,,,
***,,,*** #..####...###......#,,,
,,***,,,**#..........#.......#,,*
^,,,***,,.#..........#.......#,,*
****,,***............#.......#,,*
,,,,,,,,**#..........#.......#,,*
********,.c##........#....)..#,,*
,,,,,,,,*##.....oo...+.......#,,*
****,,***.......@T...#.......#,,*
,,,,***,,.#######....##......#,,,
,,***,,,******###<...##......#*,,
***,,,,,,,,,,*#...............#,*
*,,,,<,,,,,,,*#...............#,*
*,,,,,,,,,,,,*#...............#,*
,,,,,,,,,,,,,*#...............#,*
,,,,,,,,,,,,,*#...............#,*
,,,,,,,,,,,,,*#...............#,*


You could see an orc warlord (extremely poisoned), a yaktaur, a troll (extremely
poisoned) and an orc wizard (strong, invisible).

Vanquished Creatures
  Rupert (Lair:6)
  A minotaur (Gauntlet)
  Harold (D:7)
  A fire dragon (Lair:3)
  13 hydras
  A boulder beetle (Lair:5)
  2 catoblepae
  2 two-headed ogres (D:11)
  6 death yaks
  Nergalle (D:11)
  2 glowing orange brains (Gauntlet)
  3 lindwurms (Lair:5)
  A deep elf pyromancer (D:11)
  2 ugly things (Gauntlet)
  A cyclops (D:11)
  A moth of wrath (Gauntlet)
  A merfolk siren (Lair:4)
  A guardian serpent (Lair:2)
  A rust devil (D:7)
  An ice statue (Gauntlet)
  6 black mambas
  2 torpor snails
  9 cane toads
  10 komodo dragons
  12 rime drakes
  2 unseen horrors (D:12)
  A queen bee (Lair:4)
  2 kobold demonologists (D:9)
  3 jumping spiders (Lair:5)
  3 meliai (Lair:4)
  A troll (D:9)
  12 polar bears
  A tyrant leech (Gauntlet)
  A raiju (Lair:6)
  A blink frog (Lair:6)
  2 slime creatures (Lair:5)
  4 dream sheep
  3 hornets (Gauntlet)
  A redback (Lair:5)
  A vampire (D:10)
  Eustachio (D:6)
  34 yaks
  A tarantella (Lair:5)
  3 wyverns
  A wraith (D:10)
  2 basilisks
  7 steam dragons
  7 wargs
  Menkaure (D:6)
  3 swamp worms (Gauntlet)
  14 hell hounds (Lair:6)
  14 water moccasins
  8 orc warriors
  2 ice beasts (D:7)
  13 black bears
  37 wolves
  4 ogres
  3 centaurs
  A kobold brigand (D:9)
  12 bullfrogs
  4 scorpions
  2 wyvern zombies
  27 killer bees
  3 howler monkeys
  13 wights
  5 electric eels
  7 centaur zombies
  3 lava snakes (Lair:5)
  A bullfrog zombie (D:6)
  6 orc priests
  5 jellies
  2 gnoll shamans
  5 iguanas
  15 orc wizards
  2 killer bee zombies
  2 hound zombies
  A hound skeleton (D:4)
  3 howler monkey zombies
  10 gnolls
  10 adders
  A shadow imp (D:6)
  An ufetubus (D:4)
  An adder skeleton (D:4)
  2 worms
  5 dart slugs
  39 orcs
  7 endoplasms
  A giant cockroach (D:4)
  6 hobgoblins
  15 jackals
  3 quokkas
  9 ball pythons
  7 bats
  7 frilled lizards
  5 goblins
  13 kobolds
  2 rats (D:1)
  2 butterflies (Lair:5)
540 creatures vanquished.

Vanquished Creatures (collateral kills)
  An orc knight (Bailey)
  An orc warrior (Bailey)
  A lava snake (Lair:5)
3 creatures vanquished.

Vanquished Creatures (others)
  A rime drake (Lair:4)
  An orc warrior (Bailey)
  3 bushes (Lair:6)
  37 fungi
  101 plants
143 creatures vanquished.

Grand Total: 686 creatures vanquished

Notes
Turn   | Place    | Note
-------+----------+-------------------------------------------
     0 | D:5      | gimp the Human Delver began the quest for the Orb.
     0 | D:5      | Reached XP level 1. HP: 18/18 MP: 1/1
   114 | D:4      | Found a burning altar of Makhleb.
   114 | D:4      | Noticed a jelly
   141 | D:4      | Found the amulet of the Air {Inacc Air Fly rElec RMsl}
   157 | D:4      | Reached XP level 2. HP: 11/24 MP: 2/2
   416 | D:3      | Reached XP level 3. HP: 24/29 MP: 3/3
   941 | D:2      | Found a blossoming altar of Fedhas.
   957 | D:2      | Reached XP level 4. HP: 35/35 MP: 4/4
  1222 | D:2      | Found Reanunn's Antique Weapon Boutique.
  1545 | D:1      | Reached XP level 5. HP: 42/42 MP: 5/5
  1645 | D:1      | Found Coroos's Antique Weapon Shoppe.
  1871 | D:1      | Found a faded altar of an unknown god.
  2724 | D:3      | Found an ornate altar of the Wu Jian Council.
  2888 | D:3      | Reached XP level 6. HP: 40/48 MP: 6/6
  3329 | D:4      | Found a staircase to the Ecumenical Temple.
  3355 | Temple   | Entered the Ecumenical Temple
  3575 | D:3      | Became a worshipper of the Wu Jian Council
  3772 | D:4      | Found an opulent altar of Gozag.
  4065 | D:4      | Noticed an ogre
  4087 | D:4      | Killed an ogre
  4088 | D:4      | Reached skill level 5 in Fighting
  4088 | D:4      | Reached XP level 7. HP: 32/56 MP: 7/7
  4385 | D:5      | Reached skill level 5 in Dodging
  4414 | D:5      | Reached skill level 1 in Throwing
  4414 | D:5      | Reached skill level 1 in Armour
  4672 | D:5      | Found a shimmering blue altar of Sif Muna.
  5460 | D:5      | Reached XP level 8. HP: 53/62 MP: 8/8
  5640 | D:6      | Reached * piety under Wu Jian
  6046 | D:6      | Noticed Eustachio
  6058 | D:6      | Killed Eustachio
  6059 | D:6      | Reached skill level 5 in Throwing
  6059 | D:6      | Reached skill level 5 in Armour
  6134 | D:6      | Identified the +9 hunting sling "Domposus" {vorpal, rElec}
  6153 | D:6      | Reached XP level 9. HP: 57/68 MP: 9/9
  6328 | D:6      | Found Otih's Armour Boutique.
  6338 | D:6      | Bought a +0 buckler for 63 gold pieces
  6388 | D:6      | Noticed Menkaure
  6393 | D:6      | Reached skill level 1 in Shields
  6395 | D:6      | Killed Menkaure
  6908 | D:7      | Noticed Harold
  6922 | D:7      | Killed Harold
  7376 | D:7      | Reached XP level 10. HP: 80/80 MP: 10/10
  7546 | D:7      | Reached ** piety under Wu Jian
  8210 | D:8      | Reached skill level 1 in Maces & Flails
  8505 | D:7      | Noticed a rust devil
  8505 | D:7      | Noticed a rust devil
  8549 | D:8      | Reached skill level 2 in Maces & Flails
  8656 | D:8      | Identified the +5 falchion "Jellybane" {venom, Dex+3}
  8897 | D:8      | Found a stormy altar of Qazlal.
  9017 | D:9      | Identified a scroll of acquirement
  9017 | D:9      | Acquired the ring of Nidaxoy {rN++ Will+ rCorr Str+2 Int-2}
  9058 | D:9      | Reached skill level 3 in Maces & Flails
  9291 | D:9      | Reached skill level 4 in Maces & Flails
  9889 | D:9      | Reached skill level 5 in Maces & Flails
 10002 | D:9      | Found a staircase to the Lair.
 10062 | D:9      | Noticed a kobold demonologist
 10063 | D:9      | Noticed a kobold demonologist
 10074 | D:9      | Noticed a soul eater
 10076 | D:9      | Killed a kobold demonologist
 10094 | D:9      | Killed a kobold demonologist
 10095 | D:9      | Reached skill level 6 in Maces & Flails
 10217 | D:9      | Found a radiant altar of Vehumet.
 10525 | D:10     | Entered Level 10 of the Dungeon
 10578 | D:10     | Reached skill level 7 in Maces & Flails
 10662 | D:10     | Reached XP level 11. HP: 67/89 MP: 11/11
 10689 | D:9      | Reached *** piety under Wu Jian
 11040 | D:10     | Reached skill level 8 in Maces & Flails
 11285 | D:10     | Reached skill level 9 in Maces & Flails
 11553 | D:10     | Reached skill level 10 in Maces & Flails
 11917 | D:11     | Noticed a deep elf pyromancer
 11926 | D:11     | Noticed a two-headed ogre
 11937 | D:11     | Killed a deep elf pyromancer
 11958 | D:11     | Killed a two-headed ogre
 12358 | D:11     | Noticed a two-headed ogre
 12384 | D:11     | Killed a two-headed ogre
 12385 | D:11     | Reached skill level 11 in Maces & Flails
 12569 | D:11     | Noticed Nergalle
 12572 | D:11     | Noticed a cyclops
 12585 | D:11     | Killed Nergalle
 12774 | D:11     | Killed a cyclops
 12892 | D:12     | Found a staircase to the Orcish Mines.
 12962 | D:12     | Reached XP level 12. HP: 53/95 MP: 12/12
 13066 | D:12     | Found a flagged portal.
 13077 | Bailey   | Entered a bailey
 13325 | Bailey   | Reached skill level 12 in Maces & Flails
 13436 | Bailey   | Identified the -4 pair of gloves of Wephel {Str+5 Int+4
                  | Slay+2}
 13438 | Bailey   | Identified the +9 hand crossbow "Beastslayer" {freeze,
                  | Dex+4}
 14749 | Lair:1   | Entered Level 1 of the Lair of Beasts
 15106 | Lair:1   | Found a transporter.
 15433 | Lair:1   | Found a runed translucent gate.
 15434 | Lair:1   | Found a runed translucent gate.
 15435 | Lair:1   | Found a runed translucent gate.
 15437 | Lair:1   | Noticed Dunwar's ghost (journeyman GnCK)
 15733 | Lair:1   | Found a transporter.
 15891 | Lair:1   | Noticed a catoblepas
 15911 | Lair:1   | Killed a catoblepas
 16406 | Lair:2   | Noticed a six-headed hydra
 16428 | Lair:2   | Killed a six-headed hydra
 16805 | Lair:2   | Reached skill level 13 in Maces & Flails
 16856 | Lair:2   | Reached **** piety under Wu Jian
 17139 | Lair:2   | Noticed a four-headed hydra
 17149 | Lair:2   | Killed a four-headed hydra
 17257 | D:6      | Bought a +2 helmet of see invisible for 301 gold pieces
 17634 | Lair:3   | Noticed an eight-headed hydra
 18481 | Lair:2   | Killed an eight-headed hydra
 18482 | Lair:2   | Reached XP level 13. HP: 84/101 MP: 13/13
 19038 | Lair:3   | Noticed a four-headed hydra
 19040 | Lair:3   | Noticed a four-headed hydra
 19049 | Lair:3   | Killed a four-headed hydra
 19065 | Lair:2   | Killed a four-headed hydra
 19309 | Lair:3   | Found a staircase to the Snake Pit.
 19318 | Lair:3   | Noticed a seven-headed hydra
 19333 | Lair:3   | Killed a seven-headed hydra
 19334 | Lair:3   | Reached skill level 14 in Maces & Flails
 20126 | Lair:2   | Reached skill level 10 in Armour
 21782 | Lair:4   | Noticed a fire dragon
 22106 | Lair:3   | Killed a fire dragon
 22190 | Lair:4   | Noticed a seven-headed hydra
 22199 | Lair:4   | Killed a seven-headed hydra
 22576 | Lair:4   | Reached XP level 14. HP: 77/108 MP: 14/14
 22934 | Lair:4   | Reached skill level 15 in Maces & Flails
 23626 | Lair:4   | Found a staircase to the Shoals.
 23923 | Lair:4   | Reached ***** piety under Wu Jian
 24403 | Lair:5   | Found a gate leading to a gauntlet.
 24412 | Gauntlet | Entered a Gauntlet
 24412 | Gauntlet | Found a transporter.
 24435 | Gauntlet | Found a transporter.
 24435 | Gauntlet | Found a transporter.
 24436 | Gauntlet | Found a transporter.
 24444 | Gauntlet | Found a transporter.
 24447 | Gauntlet | Found a transporter.
 24448 | Gauntlet | Found a transporter.
 24456 | Gauntlet | Found a transporter.
 24459 | Gauntlet | Found a transporter.
 24460 | Gauntlet | Found a transporter.
 24469 | Gauntlet | Found a transporter.
 24471 | Gauntlet | Found a transporter.
 24472 | Gauntlet | Found a transporter.
 24483 | Gauntlet | Found a transporter.
 25180 | Gauntlet | Noticed a minotaur
 25201 | Gauntlet | Killed a minotaur
 25550 | Lair:5   | Acquired a +0 cloak of willpower
 25704 | Lair:5   | Found a staircase to the Slime Pits.
 25895 | Lair:5   | Found a runed translucent door.
 26002 | Lair:5   | Reached skill level 16 in Maces & Flails
 26706 | Lair:5   | Found a runed translucent gate.
 26706 | Lair:5   | Found a runed translucent gate.
 26706 | Lair:5   | Found a runed translucent gate.
 26706 | Lair:5   | Found a runed translucent gate.
 26706 | Lair:5   | Found a runed translucent gate.
 26706 | Lair:5   | Found a runed translucent gate.
 27145 | Lair:5   | Identified the ring of Milov {rC++ AC+4 Dex+4}
 27263 | Lair:6   | Entered Level 6 of the Lair of Beasts
 27688 | Lair:6   | Reached XP level 15. HP: 108/113 MP: 15/15
 27799 | Lair:6   | Found a bloodstained altar of Trog.
 28728 | Lair:6   | Reached skill level 15 in Armour
 28740 | Lair:6   | Reached skill level 1 in Evocations
 28947 | Lair:6   | Identified the ring "Xerostic" {rF+ rN+}
 29003 | Lair:6   | Reached ****** piety under Wu Jian
 29265 | Lair:6   | Noticed Rupert
 29319 | Lair:6   | Killed Rupert
 30960 | Orc:1    | Entered Level 1 of the Orcish Mines
 30986 | Orc:1    | Noticed an orc warlord
 31016 | D:12     | Shot with a bolt by a yaktaur

Illustrated notes

Levels and vault maps discovered:
D:1:      amcnicky_arrival_flooded_fountain, layout_loops_ring,
          basic_ecumenical_altar, serial_shops, shop, serial_glass,
          glass_columns_a, glass_columns_a, chequers_garden,
          chequers_serial_rivers_room_b
D:2:      layout_loops_ring, basic_altar, serial_shops, nicolae_shop_waterfront,
          lexackson_kobold_supper
D:3:      layout_basic, overflow_temple_1_default
D:4:      layout_loops_ring, mainiacjoe_overflow_large_starburst,
          minmay_temple_entry_hall, minmay_misc_feat_diagonals,
          minmay_statues_item, grunt_ministairs_1
D:5:      layout_loops_corners, mainiacjoe_overflow_alcove_1
D:6:      layout_rooms, serial_shops, shop, chequers_serial_rivers_micro_d,
          uniq_eustachio, uniq_menkaure
D:7:      cheibrodos_iron_armory, layout_loops_cross, uniq_harold
D:8:      layout_basic, lemuel_round_altar, hangedman_decor_lopped
D:9:      layout_roguey, mainiacjoe_overflow_surrounded_room, lair_entry_dummy,
          water_boxes_lemuel
D:10:     layout_cave_pools, kennysheep_generic_room_3
D:11:     layout_roguey, grunt_decor_cap, uniq_nergalle
D:12:     minmay_the_grid_four_pointed_star_mashed
          [minmay_the_grid_triangle_9x9_wacky_v,
          minmay_the_grid_triangle_9x9_pentomino_pain,
          minmay_the_grid_triangle_9x9_flanged_cone,
          minmay_the_grid_triangle_9x9_descending_squares,
          minmay_the_grid_prize_four_corners], layout_stronghold, orc_0_dummy,
          enter_bailey_2
Temple:   regret_index_temple_sphere_string
Lair:1:   gammafunk_cloud_chamber, layout_cellular_growth,
          ebering_ghost_rock_garden
Lair:2:   layout_regular_city, serial_forest, infiniplex_forest_clump_curved,
          infiniplex_forest_end_2, infiniplex_forest_lined_1,
          infiniplex_forest_clump_long, infiniplex_forest_lined_room_2,
          infiniplex_forest_straight_2, infiniplex_forest_clump_double
Lair:3:   layout_chaotic_city, minmay_snake_entry_spellcaster, serial_bayou,
          serial_bayou_pond_e, serial_bayou_shore_a, serial_bayou_pond_b,
          serial_bayou_lagoon_b
Lair:4:   layout_roguey [special_room_bee], minmay_shoals_entry_lonely_mermaid,
          bobbens_dragon_lair_wall
Lair:5:   gammafunk_indiana_jones, layout_cave_pods, minmay_slime_entry_pillars,
          gauntlet_entry_generic, grunt_megastairs_5,
          infiniplex_staircase_pool_2, lemuel_fruit_fields,
          serial_bayou_shore_b, serial_bayou_shore_b, lemuel_fruit_tree
Lair:6:   hangedman_lair_caniforms_friends, layout_cave_pods, basic_altar,
          serial_bayou, serial_bayou_pond_d, serial_bayou_pond_c,
          serial_bayou_pond_b, serial_bayou_shore_b, serial_bayou_pond_d,
          serial_bayou_pond_c, dpeg_oklob_1, serial_bayou_shore_b, uniq_rupert
Orc:1:    layout_caves, basic_altar, serial_shops, shop, bloody_makhleb

Skill      XL: |  1  2  3  4  5  6  7  8  9 10 11 12 13 14 15 |
---------------+----------------------------------------------+-----
Polearms       | 3 |  3.8
Dodging        | 3 4 5 |  5.0
Fighting       | 4 5 7 9 |  9.7
Throwing       | 2 5 6 |  6.0
Armour         | 2 5 8 11 13 15 | 15.0
Shields        | 4 |  4.0
Maces & Flails | 7 11 13 14 16 | 16.0
Evocations     | 4 |  4.7
Stealth        | |  5.0

Action                   |  1- 3 |  4- 6 |  7- 9 | 10-12 | 13-15 || total
-------------------------+-------+-------+-------+-------+-------++-------
Melee: Spear             |    23 |       |       |       |       ||    23
       Whip              |    26 |   231 |   227 |   698 |   984 ||  2166
       Mace              |       |       |       |    68 |       ||    68
       Morningstar       |       |       |       |    54 |     6 ||    60
       Trident           |       |       |       |    22 |       ||    22
       Demon whip        |       |       |       |       |   559 ||   559
Throw: Dart              |     7 |     2 |     4 |    18 |       ||    31
       Boomerang         |       |       |       |     4 |       ||     4
       Javelin           |       |       |       |     3 |       ||     3
Invok: Lunge             |       |     2 |    14 |    35 |    34 ||    85
       Whirlwind         |       |       |     3 |    42 |    44 ||    89
       Serpent's Lash    |       |       |       |     1 |       ||     1
Evoke: Wand              |       |       |     2 |    10 |    26 ||    38
       Box of beasts     |       |       |       |       |     3 ||     3
       Tin of tremorston |       |       |       |       |     2 ||     2
  Use: Scroll            |       |       |     6 |    15 |     9 ||    30
       Potion            |       |       |       |     2 |     1 ||     3
 Stab: Sleeping          |     2 |     4 |     2 |     2 |       ||    10
       Distracted        |       |       |       |     1 |     1 ||     2
Armor: Leather armour    |     7 |     3 |       |       |       ||    10
       Scale mail        |       |    93 |    96 |   193 |       ||   382
       Skin              |       |       |       |    17 |       ||    17
       Gold dragon scale |       |       |       |   203 |   716 ||   919
Dodge: Dodged            |    29 |   136 |   108 |   273 |   301 ||   847
       Repelled          |       |     3 |     1 |     4 |     8 ||    16
Block: Buckler           |       |       |    17 |   152 |   363 ||   532
       Reflection        |       |       |       |       |     5 ||     5
